 Dungeon Crawl Stone Soup version 0.27-a0-1287-gca74d27db6 (webtiles) character file.

Game seed: 12759717735234293038

219 Patoropollo the Shield-Bearer (level 5, -1/47 HPs)
             Began as a Minotaur Fighter on June 14, 2021.
             Slain by Sigmund (6 damage)
             ... on level 4 of the Dungeon.
             The game lasted 00:08:55 (3215 turns).

Patoropollo the Shield-Bearer (Minotaur Fighter)    Turns: 3215, Time: 00:08:55

Health: -1/47      AC: 12    Str: 21    XL:     5   Next: 64%
Magic:  4/4        EV:  4    Int:  5    God:
Gold:   106        SH: 10    Dex: 10    Spells: 4/4 levels left

rFire    . . .     SeeInvis .   a - +0 flail
rCold    . . .     Faith    .   c - +0 kite shield
rNeg     . . .     Spirit   .   f - +0 plate armour
rPois    .         Reflect  .   (helmet restricted)
rElec    .         Harm     .   (no cloak)
rCorr    .         Rampage  .   (no gloves)
Will     .....                  (no boots)
Stlth    ..........             (no amulet)
HPRegen  0.15/turn              (no ring)
MPRegen  0.09/turn              (no ring)

@: no status effects
A: horns 2, retaliatory headbutt
a: no special abilities


You were on level 4 of the Dungeon.
You visited 1 branch of the dungeon, and saw 4 of its levels.

You collected 106 gold pieces.

Inventory:

Hand Weapons
 a - a +0 flail (weapon)
Armour
 c - a +0 kite shield (worn)
 f - a +0 plate armour (worn)
Jewellery
 q - an amulet of faith
Scrolls
 b - a scroll of silence {unknown}
 e - a scroll of teleportation {unknown}
 g - a scroll of acquirement {unknown}
 i - a scroll of fear {unknown}
 j - a scroll of immolation {unknown}
 k - a scroll of identify {unknown}
 l - a scroll of noise {unknown}
 n - a scroll of fog {unknown}
 o - a scroll of enchant weapon {unknown}
Potions
 d - a potion of might
 h - a potion of ambrosia {unknown}
 m - a potion of attraction {unknown}
 p - a potion of lignification {unknown}


   Skills:
 + Level 4.9 Fighting
 + Level 4.1 Maces & Flails
 + Level 4.9 Armour
 + Level 5.0 Shields


You had 4 spell levels left.
You didn't know any spells.
Your spell library contained the following spells:

 Spells                   Type           Power      Damage    Failure   Level
 Corona                   Hex            0%         N/A       100%        1
 Sandblast                Erth           0%         2d4       100%        1
 Summon Small Mammal      Summ           0%         N/A       100%        1
 Call Imp                 Summ           0%         N/A       100%        2
 Ensorcelled Hibernation  Hex/Ice        0%         N/A       100%        2
 Passwall                 Tmut/Erth      0%         N/A       100%        2
 Call Canine Familiar     Summ           0%         N/A       100%        3
 Confusing Touch          Hex            0%         N/A       100%        3
 Dazzling Flash           Conj/Hex       0%         N/A       100%        3
 Gell's Gravitas          Tloc           0%         N/A       100%        3
 Stone Arrow              Conj/Erth      0%         3d7       100%        3
 Summon Guardian Golem    Hex/Summ       0%         N/A       100%        3
 Tukima's Dance           Hex            0%         N/A       100%        3
 Petrify                  Tmut/Erth      0%         N/A       100%        4
 Summon Ice Beast         Ice/Summ       0%         N/A       100%        4
 Summon Lightning Spire   Summ/Air       0%         N/A       100%        4
 Lee's Rapid Deconstruct  Erth           0%         3d5*      100%        5
 Metabolic Englaciation   Hex/Ice        0%         N/A       100%        5
 Yara's Violent Unravell  Hex/Tmut       0%         3d3       100%        5


Dungeon Overview and Level Annotations

Branches:
Dungeon (4/15)
 Temple: D:4-7

Altars:
Fedhas
Qazlal

Annotations:
D:4 Sigmund


Innate Abilities, Weirdness & Mutations

You have a pair of horns on your head.
You reflexively headbutt those who attack you in melee.


Message History

You sock something!
You hear some strange, mumbled words.
Something tries to affect you, but you resist.
You barely miss something. Something hits you.
You hit something but do no damage. Something hits you.
Something hits you but does no damage.
You miss something. You headbutt something!
Something hits you but does no damage.
Your shield prevents you from hitting something.
Something hits you. x2
You barely miss something. Something hits you but does no damage.
You sock something!
You hear some strange, mumbled words.
A magic dart appears from out of thin air!
The magic dart hits you but does no damage.
You miss something.
You hear some strange, mumbled words.
You are confused.
Something hits you.
* * * LOW HITPOINT WARNING * * *
You're too confused to attack without stumbling around!
You're too confused to attack without stumbling around!
You're too confused to attack without stumbling around!
You're too confused to attack without stumbling around!
You're too confused to attack without stumbling around!
You're too confused to attack without stumbling around!
You bump into the rock wall.
Something hits you but does no damage.
You hear some strange, mumbled words.
A puff of flame appears from out of thin air!
The puff of flame hits you but does no damage.
A magic dart appears from out of thin air!
The magic dart hits you!
* * * LOW HITPOINT WARNING * * *
You're too confused to move!
Something hits you.
* * * LOW HITPOINT WARNING * * *
You feel less confused.
Sigmund appears from thin air!
Reactivating autopickup.
Sigmund hits you from afar with a +0 scythe.
You die...

#................
###+
#..###.....###..#
#...##..#####'#####..
#....................
#....................
#....................
#......@.............
#.......##.......####
#....@..##########
#....<...# #........#
#........# #.......##
#########


You could see Sigmund.

Vanquished Creatures
  The ghost of porpoise the Skirmisher, an amateur DsFi (D:3)
  2 adders (D:2)
  2 worms
  A dart slug (D:2)
  5 ball pythons
  9 endoplasms
  3 giant cockroaches
  4 goblins
  4 hobgoblins
  4 jackals (D:1)
  10 kobolds
  7 bats
  A frilled lizard (D:2)
  3 rats
  A bush (D:3)
57 creatures vanquished.

Vanquished Creatures (others)
  A plant (D:3)
1 creature vanquished.

Grand Total: 58 creatures vanquished

Notes
Turn   | Place    | Note
-------+----------+-------------------------------------------
     0 | D:1      | Patoropollo the Minotaur Fighter began the quest for the
                  | Orb.
     0 | D:1      | Reached XP level 1. HP: 19/19 MP: 0/0
    59 | D:1      | Reached XP level 2. HP: 22/27 MP: 1/1
   615 | D:1      | Reached skill level 4 in Shields
   933 | D:1      | Reached XP level 3. HP: 33/33 MP: 2/2
   943 | D:1      | Found a faded altar of an unknown god.
  1499 | D:2      | Reached XP level 4. HP: 40/40 MP: 3/3
  1825 | D:3      | Found a stormy altar of Qazlal.
  1831 | D:3      | Found a blossoming altar of Fedhas.
  2109 | D:3      | Noticed Sigmund
  2729 | D:3      | Found a large runed translucent door.
  2730 | D:3      | Found a large runed translucent door.
  2731 | D:3      | Noticed porpoise's ghost (amateur DsFi)
  2835 | D:3      | Killed porpoise's ghost
  2836 | D:3      | Reached skill level 5 in Shields
  2836 | D:3      | Reached XP level 5. HP: 17/47 MP: 4/4
  3215 | D:4      | Slain by Sigmund

Illustrated notes

Levels and vault maps discovered:
D:1:      shiori_arrival_maze, layout_basic,
          shapermc_ecumenical_altar_mp_highgroup, minmay_misc_feat_enclosed,
          roderic_cross_of_infinity
D:2:      layout_basic, chequers_serial_rivers_small_b, kennysheep_potato
D:3:      layout_basic, grunt_temple_overflow_forces_of_nature,
          ebering_ghost_disaster_area, uniq_sigmund
D:4:      layout_gridville, grunt_temple_overflow_diamond

Skill      XL: |  1  2  3  4 |
---------------+-------------+-----
Shields        | 4 5 |  5.0
Fighting       | 4 |  4.9
Armour         | 4 |  4.9
Maces & Flails | 3 4 |  4.1

Action                   |  1- 3 |  4- 6 || total
-------------------------+-------+-------++-------
Melee: Flail             |    95 |    97 ||   192
       Headbutt          |    18 |    25 ||    43
Armor: Scale mail        |    30 |       ||    30
       Plate armour      |    27 |    62 ||    89
Dodge: Dodged            |    20 |     6 ||    26
Block: Kite shield       |    44 |    26 ||    70

Table legend: (Time is in decaauts)
 A = Elapsed time spent in this place.
 B = Non-inter-level travel time spent in this place.
 C = Inter-level travel time spent in this place.
 D = Time resting spent in this place.
 E = Time spent auto-exploring this place.
 F = Levels seen in this place.
 G = Mean time per level.
                   A        B        C        D        E       F      G
               +--------+--------+--------+--------+--------+-----+--------+
         Total |   3307 |   3121 |    186 |      0 |   2519 |   4 |  826.8 |
       Dungeon |   3307 |   3121 |    186 |      0 |   2519 |   4 |  826.8 |
               +--------+--------+--------+--------+--------+-----+--------+

Top non-repeatable levels by time:
     D:1: 1266 daAuts
     D:3: 1062 daAuts
     D:2: 906 daAuts
     D:4: 71 daAuts
